 Dungeon Crawl Stone Soup version 0.30-a0-719-gcc4359ea44 (webtiles) character file.

Game seed: 12889556776540521327

210128 sokol815 the Warrior (level 17, -24/161 HPs)
             Began as a Demigod Hunter on Jan 26, 2023.
             Annihilated by an orc warlord
             ... wielding a +2 bardiche
              (67 damage)
             ... on level 1 of the Vaults.
             The game lasted 01:25:04 (31212 turns).

sokol815 the Warrior (Demigod Hunter)              Turns: 31212, Time: 01:25:04

Health: -24/161    AC: 11    Str: 16    XL:     17   Next: 55%
Magic:  22/29      EV: 37    Int: 11    God:
Gold:   2784       SH: 12    Dex: 41    Spells: 16/16 levels left

rFire   + . .      SeeInvis +    a - +10 trident "Goblin's Nightmare" {heavy, Str+4 Dex+3}
rCold   + . .      Faith    .    C - +3 buckler {rPois}
rNeg    . . .      Spirit   .    F - +1 troll leather armour
rPois   +          Reflect  .    Z - +1 helmet "Lyzecw" {-Cast rF+ rC+}
rElec   .          Harm     +    z - scarf {harm}
rCorr   .          Rampage  .    D - +0 pair of gloves {infuse}
Will    ++...      NoCast   +    f - +1 pair of boots of the Moon {MP+9 Dex+3}
Stlth   +++++                    O - amulet of the acrobat
HPRegen 1.26/turn                W - ring of willpower
MPRegen 0.21/turn                V - ring of see invisible {sInv, !d}

@: no status effects
A: high MP 1, forlorn, divine attributes, clumsy 1
}: 1/15 runes: gossamer
a: no special abilities


You were on level 1 of the Vaults.
You visited 5 branches of the dungeon, and saw 28 of its levels.
You visited the Abyss 1 time.

You collected 3226 gold pieces.
You spent 442 gold pieces at shops.

Inventory:

Hand Weapons
 a - the +10 trident "Goblin's Nightmare" (weapon) {heavy, Str+4 Dex+3}
   (You found it on level 4 of the Dungeon)

   Str:       It affects your strength (+4).
   Dex:       It affects your dexterity (+3).
 b - the +10 short sword "Juuh Que" {holy, rN+ Int+3}
   (You took it off an orc on level 5 of the Dungeon)

   Int:       It affects your intelligence (+3).
   rN:        It protects you from negative energy.
 c - a +4 shortbow of flaming
Missiles
 e - 30 poisoned darts
 h - 11 javelins
 Q - 5 silver javelins
Armour
 f - the +1 pair of boots of the Moon (worn) {MP+9 Dex+3}
   (You found it on level 7 of the Dungeon)

   Dex:       It affects your dexterity (+3).
   MP:        It affects your magic capacity (+9).
 r - +0 pearl dragon scales
   (You found it on level 1 of the Spider Nest)
 z - a scarf of harm (worn)
   (You found it on level 4 of the Spider Nest)
 C - a +3 buckler of poison resistance (worn)
   (You took it off a tengu warrior on level 13 of the Dungeon)
 D - a +0 pair of gloves of infusion (worn)
   (You found it on level 4 of the Spider Nest)
 F - a +1 troll leather armour (worn)
   (You found it on level 10 of the Dungeon)
 Z - the +1 helmet "Lyzecw" (worn) {-Cast rF+ rC+}
   (You acquired it on level 3 of the Lair of Beasts)

   rF:        It protects you from fire.
   rC:        It protects you from cold.
   -Cast:     It prevents spellcasting.
Jewellery
 u - a ring of positive energy {rN+}
   (You found it on level 15 of the Dungeon)
 y - a +6 ring of strength
   (You found it on level 2 of the Dungeon)
 A - a +4 ring of protection
   (You found it on level 2 of the Lair of Beasts)
 O - an amulet of the acrobat (around neck)
   (You found it on level 14 of the Dungeon)
 V - a ring of see invisible (right hand) {sInv, !d}
   (You bought it in a shop on level 2 of the Orcish Mines)
 W - a ring of willpower (left hand)
   (You found it on level 1 of the Spider Nest)
Wands
 i - a wand of iceblast (8)
   (You found it on level 14 of the Dungeon)
 j - a wand of polymorph (12)
   (You found it on level 2 of the Spider Nest)
 n - a wand of quicksilver (9)
   (You found it on level 11 of the Dungeon)
 p - a wand of paralysis (24)
   (You found it on level 6 of the Dungeon)
 q - a wand of flame (34)
   (You found it on level 3 of the Lair of Beasts)
Scrolls
 k - 12 scrolls of identify {@r1}
 m - 11 scrolls of poison {!r}
 x - 7 scrolls of fog
 E - 2 scrolls of fear
 K - 4 scrolls of immolation {!r}
 R - 2 scrolls of brand weapon
 S - a scroll of summoning
 X - a scroll of magic mapping {@r4!r}
 Y - 11 scrolls of teleportation {@r3}
Potions
 d - 7 potions of degeneration {!q}
 s - 2 potions of cancellation
 t - 2 potions of attraction {!q}
 B - 5 potions of brilliance
 G - 10 potions of ambrosia {!q}
 H - 3 potions of haste
 I - 3 potions of invisibility
 J - 11 potions of curing {@q1}
 L - 4 potions of flight
 N - 3 potions of heal wounds {@q2}
 P - 6 potions of lignification {!q}
 T - 2 potions of berserk rage {!q}
 U - 6 potions of mutation {!q}
Miscellaneous
 g - a tin of tremorstones (2/2)
   (You found it on level 2 of the Lair of Beasts)
 l - a condenser vane
   (You found it on level 3 of the Spider Nest)
 v - a lightning rod (4/4)
   (You found it on level 1 of the Spider Nest)
 w - a phial of floods
   (You found it on level 9 of the Dungeon)


   Skills:
 + Level 17.1 Fighting
 - Level 6.0 Short Blades
 - Level 14.0 Polearms
 - Level 5.1 Ranged Weapons
 - Level 6.0 Armour
 + Level 17.0 Dodging
 - Level 6.0 Stealth
 - Level 6.0 Shields
 - Level 8.0 Evocations


You had 16 spell levels left.
You didn't know any spells.
Your spell library contained the following spells:

 Spells                   Type           Power      Damage    Failure   Level
 Slow                     Hex            0%         N/A       47%         1
 Blink                    Tloc           0%         N/A       63%         2
 Confusing Touch          Hex            0%         N/A       85%         3
 Dazzling Flash           Conj/Hex       0%         N/A       85%         3
 Hailstorm                Conj/Ice       0%         3d3       85%         3
 Vampiric Draining        Necr           0%         2d6       85%         3
 Ice Form                 Ice/Tmut       0%         N/A       99%         4
 Iskenderun's Mystic Bla  Conj/Tloc      0%         2d3       99%         4
 Manifold Assault         Tloc           0%         N/A       99%         4
 Summon Forest            Summ/Tloc      0%         N/A       100%        5
 Summon Mana Viper        Hex/Summ       0%         N/A       100%        5
 Simulacrum               Ice/Necr       0%         N/A       100%        6
 Starburst                Conj/Fire      0%         6d3       100%        6
 Summon Cactus Giant      Summ           0%         N/A       100%        6
 Storm Form               Tmut/Air       0%         N/A       100%        7


Dungeon Overview and Level Annotations

Branches:
Dungeon (15/15) Zot: 24867  Temple (0/1) D:6            Lair (5/5) D:9 Zot: 23706
  Swamp (0/4) Lair:3       Spider (4/4) Lair:3 Zot: 18766   Slime (0/5) Lair:4
    Orc (2/2) D:10 Zot: 10555     Elf (0/3) Orc:2        Vaults (2/5) D:13 Zot: 8807
 Depths (0/4) D:15
  Crypt: Vaults:2-3

Shops:
D:3 ?   D:12 (   D:13 *   Orc:2 =[!(*

Annotations:
D:5 1 runed translucent door, Crazy Yiuf
D:6 exclusion: hornet, Sigmund
D:11 6 transporters, Foxy's ghost, journeyman KoEn
D:13 3 runed translucent doors, sirJeffrey23's ghost, journeyman HOFi
Lair:1 exclusion: electric eel
Lair:2 3 runed translucent doors, ASSMAN's ghost, journeyman OpTm
Spider:4 1 runed translucent door, cforsyth's ghost, adept DsSu
Vaults:2 2 runed translucent doors, Xafer's ghost, adept DsGl


Innate Abilities, Weirdness & Mutations

You have an increased reservoir of magic. (+10% MP)
You shall have no god before yourself.
Your divine heritage dramatically boosts your attributes as you level up.
You are clumsy. (Dex -2)


Message History

You puncture the vault warden! The vault warden closely misses you.
You regained 2 hp, and now have 128/161 hp.
You now have 19/29 mp.
You hit the vault warden. The vault warden barely misses you.
You now have 18/29 mp.
You impale the vault warden!!
The vault warden hits you with a +1 long sword of protection!
You take 15 damage, and have 114/161 hp.
You hit the vault warden.
The vault warden hits you with a +1 long sword of protection!!
You take 26 damage, and have 88/161 hp.
You now have 17/29 mp.
You are too injured to fight recklessly!
You are too injured to fight recklessly!
You are too injured to fight recklessly!
You puncture the vault warden! The vault warden misses you.
You now have 16/29 mp.
You puncture the vault warden! You block the vault warden's attack.
You now have 15/29 mp.
You hit the vault warden.
The runic seal fades away.
The vault warden completely misses you.
You regained 2 hp, and now have 92/161 hp.
You now have 14/29 mp.
You hit the vault warden but do no damage.
You block the vault warden's attack.
You impale the vault warden!!
You kill the vault warden!
You now have 13/29 mp.
You start resting.
An orc warlord comes into view. It is wielding a +2 bardiche.
You regained 20 hp, and now have 114/161 hp.
You regained 3 mp, and now have 16/29 mp.
You regained 2 hp, and now have 117/161 hp.
The orc warlord shouts!
An orc knight comes into view. It is wielding a +1 great mace.
The orc warlord drinks a potion.
The orc warlord suddenly seems more resistant.
Things that are here:
a +0 great mace; a +0 scale mail; a human corpse The orc warlord roars a battlecry!
The orc knight goes into a battle-frenzy!
Things that are here:
a +2 great mace; a +0 chain mail; a human corpse You regained 2 hp, and now have 122/161 hp.
The orc knight shouts!
Things that are here:
a +2 great sword of flaming; a fire giant corpse The orc knight roars a battlecry!
The orc warlord goes into a battle-frenzy!
You regained 2 hp, and now have 127/161 hp.
You regained 2 hp, and now have 132/161 hp.
The orc knight no longer looks unusually strong.
You regained 2 hp, and now have 137/161 hp.
The orc warlord roars a battlecry!
The orc knight goes into a battle-frenzy!
You regained 2 hp, and now have 142/161 hp.
The orc warlord no longer looks unusually strong.
The orc knight roars a battlecry!
The orc warlord goes into a battle-frenzy!
You regained 2 hp, and now have 146/161 hp.
You regained 2 hp, and now have 151/161 hp.
You regained 2 hp, and now have 156/161 hp.
Health restored: 161 The orc warlord no longer looks unusually strong.
The orc warlord is no longer unusually resistant.
The orc warlord roars a battlecry!
There is an open door here.
The orc knight roars a battlecry!
The orc warlord goes into a battle-frenzy!
There is an open door here.
There is a stone staircase leading up here.
The orc warlord barely misses you.
There is a stone staircase leading up here.
You climb upwards.
There is a stone staircase leading down here.
You impale the orc warlord!!
You now have 27/29 mp.
You puncture the orc warlord! You block the orc warlord's attack.
You now have 26/29 mp.
You hit the orc warlord but do no damage.
The orc warlord misses you.
You hit the orc warlord. You block the orc warlord's attack.
You now have 25/29 mp.
You closely miss the orc warlord.
The orc warlord hits you with a +2 bardiche!!!
You take 46 damage, and have 115/161 hp.
MASSIVE DAMAGE!!
You puncture the orc warlord!
The orc warlord hits you with a +2 bardiche!!!
You take 56 damage, and have 59/161 hp.
MASSIVE DAMAGE!!
You now have 24/29 mp.
You impale the orc warlord!! The orc warlord barely misses you.
You now have 23/29 mp.
You puncture the orc warlord!
The orc warlord hits you with a +2 bardiche!
* * * LOW HITPOINT WARNING * * *
You take 18 damage, and have 42/161 hp.
You puncture the orc warlord!
The orc warlord hits you with a +2 bardiche!!!
You die...

#.......# #.......#
#.......# #.......#
#.......# ######+###
#############......#
..........[.#....[.#
............+..o@..#
.####.####..#..))[.#
.#.......#.)#......#
.#.......#.)#......#
.#...#...#..#......#
....###.....########
.#...#...#.)#
.#.......#..#########
.#.......#..#.......#


You could see an orc warlord (strong).

Vanquished Creatures
  Mlioglotl (Spider:3)
  A lich (Vaults:1)
  An Executioner (Abyss:2)
  6 vault wardens
  A fire giant (Vaults:2)
  A frost giant (Vaults:2)
  11 emperor scorpions
  2 orc warlords
  4 ghost moths
  A broodmother (Spider:2)
  8 ironbound preservers
  5 very ugly things
  3 ironbound thunderhulks
  A stone giant (Vaults:1)
  3 dire elephants (Vaults:1)
  Josephine (Lair:3)
  3 ettins
  4 entropy weavers
  A fire dragon (D:15)
  7 yaktaur captains
  8 vault guards
  2 great orbs of eyes (Vaults:1)
  A peacekeeper (D:13)
  5 hydras
  Erolcha (Orc:2)
  2 ironbound frosthearts
  2 ogre magi (Orc:2)
  3 jorogumos
  5 centaur warriors
  6 boulder beetles
  A radroach (Lair:3)
  A two-headed ogre (D:11)
  2 dancing weapons (D:13)
  A naga warrior (Abyss:2)
  5 death yaks (Lair:5)
  Urug (Lair:4)
  5 tengu warriors
  2 thrashing horrors (Abyss:2)
  2 deep elf knights (D:15)
  Sonja (Lair:4)
  4 pharaoh ants
  A wretched star (Abyss:2)
  15 spriggans (Lair:5)
  5 skeletal warriors (D:12)
  Lodul (D:11)
  A sixfirhy (Abyss:2)
  A death drake (Abyss:2)
  A large abomination (Abyss:2)
  8 deep trolls
  7 orb spiders
  3 ironbound convokers
  Pikel (D:7)
  6 steelbarb worms
  5 harpies (Vaults:1)
  2 deep elf archers (D:15)
  4 wizards
  11 orc knights
  A deep elf zephyrmancer (D:15)
  A necromancer (D:15)
  7 lindwurms
  11 wolf spiders
  4 deep elf pyromancers
  21 ugly things
  7 orc sorcerers (Orc:2)
  A cyclops (D:12)
  4 moths of wrath
  A worldbinder (Abyss:2)
  2 manticores
  2 black mambas (Lair:2)
  A guardian serpent (Abyss:2)
  15 demonic crawlers
  2 gargoyles
  A smoke demon (Abyss:2)
  7 torpor snails
  4 vault sentinels
  6 cane toads
  2 rime drakes
  14 komodo dragons
  Maggie (D:6)
  2 efreet
  2 yaktaurs (Vaults:1)
  9 trolls
  9 meliai
  A meliai (shapeshifter) (D:14)
  21 tarantellas
  4 polar bears (Lair:5)
  A queen bee (Spider:3)
  6 hornets (Lair:5)
  22 blink frogs
  2 tyrant leeches (Lair:3)
  2 dream sheep (Lair:5)
  29 slime creatures
  21 jumping spiders
  3 shadows (D:11)
  A ynoxinul (Abyss:2)
  12 culicivoras
  3 wyverns
  7 wraiths
  2 vampires
  7 basilisks
  30 yaks
  66 redbacks
  2 steam dragons
  13 vampire mosquitoes
  A naga (shapeshifter) (D:14)
  2 nagas (Abyss:2)
  2 wargs
  3 swamp worms (Lair:3)
  2 acid dragons
  10 water moccasins
  A swamp drake (D:9)
  An ice beast (D:7)
  A sky beast (D:7)
  15 orc warriors
  3 black bears (Lair:5)
  20 ogres
  3 boggarts (Lair:5)
  26 wolves
  6 centaurs
  A lemure (D:7)
  A kobold brigand (D:8)
  2 gnoll sergeants
  3 necrophages
  14 bullfrogs
  A scorpion (D:7)
  3 small abominations (Abyss:2)
  3 wights (D:7)
  35 killer bees
  4 howler monkeys
  An electric eel (Spider:1)
  A crimson imp (Abyss:2)
  2 hounds (D:5)
  2 jellies (Lair:4)
  A gnoll bouda (D:7)
  12 orc priests
  4 iguanas
  An iron imp (Abyss:2)
  30 orc wizards
  7 hell rats (Lair:5)
  21 gnolls
  7 adders
  A shadow imp (D:7)
  2 white imps
  2 worms (D:3)
  47 orcs
  6 ball pythons
  11 endoplasms
  3 giant cockroaches
  6 goblins
  5 hobgoblins
  3 jackals (D:1)
  8 kobolds
  2 quokkas
  4 bats
  3 frilled lizards
  8 rats
952 creatures vanquished.

Vanquished Creatures (others)
  A slime creature (Vaults:1)
  A small abomination (Abyss:2)
  An orc (Orc:2)
  11 fungi
  27 plants
  2 withered plants (Spider:4)
43 creatures vanquished.

Grand Total: 995 creatures vanquished

Notes
Turn   | Place    | Note
-------+----------+-------------------------------------------
     0 | D:1      | sokol815 the Demigod Hunter began the quest for the Orb.
     0 | D:1      | Reached XP level 1. HP: 17/17 MP: 3/3
   207 | D:1      | Reached skill level 2 in Fighting
   207 | D:1      | Reached skill level 2 in Dodging
   274 | D:1      | Reached XP level 2. HP: 24/24 MP: 4/4
   522 | D:1      | Reached skill level 4 in Ranged Weapons
   853 | D:2      | Reached XP level 3. HP: 29/29 MP: 5/5
  1695 | D:3      | Reached XP level 4. HP: 37/37 MP: 6/6
  1908 | D:3      | Found Aczesog's Magic Scroll Shop.
  2120 | D:3      | Bought a scroll of enchant weapon for 82 gold pieces
  2716 | D:4      | Reached skill level 5 in Ranged Weapons
  2716 | D:4      | Reached XP level 5. HP: 40/44 MP: 7/7
  2852 | D:4      | Reached skill level 3 in Fighting
  2854 | D:4      | Reached skill level 3 in Dodging
  2972 | D:4      | Identified the +10 trident "Goblin's Nightmare" {heavy,
                  | Str+4 Dex+3}
  3374 | D:5      | Entered Level 5 of the Dungeon
  3405 | D:5      | Reached skill level 1 in Polearms
  3426 | D:5      | Reached XP level 6. HP: 33/51 MP: 8/8
  3536 | D:5      | Reached skill level 2 in Polearms
  3857 | D:5      | Identified the +10 short sword "Juuh Que" {holy, rN+ Int+3}
  3891 | D:5      | Reached skill level 1 in Short Blades
  4061 | D:5      | Reached skill level 3 in Polearms
  4065 | D:5      | Reached XP level 7. HP: 53/57 MP: 9/9
  4149 | D:5      | Found a runed translucent door.
  4150 | D:5      | Noticed Crazy Yiuf
  4388 | D:6      | Noticed Sigmund
  4476 | D:6      | Found a staircase to the Ecumenical Temple.
  4498 | D:6      | Reached skill level 2 in Short Blades
  4520 | D:6      | Noticed a hornet
  4841 | D:6      | Noticed Maggie
  4844 | D:6      | Reached skill level 4 in Polearms
  4851 | D:6      | Killed Maggie
  4852 | D:6      | Reached skill level 3 in Short Blades
  4852 | D:6      | Reached skill level 5 in Polearms
  4968 | D:6      | Noticed a yak
  4973 | D:6      | Killed a yak
  4974 | D:6      | Reached XP level 8. HP: 64/64 MP: 10/10
  4988 | D:6      | Reached skill level 6 in Polearms
  5361 | D:7      | Reached skill level 7 in Polearms
  5410 | D:7      | Reached skill level 8 in Polearms
  5440 | D:7      | Identified the +1 pair of boots of the Moon {MP+9 Dex+3}
  5826 | D:7      | Reached skill level 9 in Polearms
  5826 | D:7      | Reached XP level 9. HP: 70/70 MP: 11/11
  5848 | D:7      | Noticed Pikel
  5854 | D:7      | Killed Pikel
  6002 | D:7      | Reached skill level 10 in Polearms
  6454 | D:8      | Reached skill level 11 in Polearms
  7278 | D:9      | Noticed a komodo dragon
  7281 | D:9      | Killed a komodo dragon
  7282 | D:9      | Reached XP level 10. HP: 77/77 MP: 13/13
  7302 | D:9      | Reached skill level 12 in Polearms
  7331 | D:9      | Found a staircase to the Lair.
  7677 | D:9      | Noticed a lindwurm
  7743 | D:9      | Reached skill level 13 in Polearms
  7981 | D:10     | Entered Level 10 of the Dungeon
  8032 | D:10     | Found a staircase to the Orcish Mines.
  8524 | D:10     | HP: 19/77 [poisoned by a killer bee]
  8527 | D:10     | HP: 9/77 [poisoned by a killer bee]
  8808 | D:10     | Reached skill level 14 in Polearms
  9094 | Lair:1   | Entered Level 1 of the Lair of Beasts
  9215 | Lair:1   | Reached skill level 4 in Fighting
  9215 | Lair:1   | Reached skill level 4 in Dodging
  9347 | Lair:1   | Reached XP level 11. HP: 58/85 MP: 14/14
  9419 | Lair:1   | Reached skill level 5 in Fighting
  9419 | Lair:1   | Reached skill level 5 in Dodging
  9486 | Lair:1   | Noticed a five-headed hydra
  9494 | Lair:1   | Killed a five-headed hydra
 10058 | Lair:2   | Reached skill level 6 in Fighting
 10058 | Lair:2   | Reached skill level 6 in Dodging
 10167 | Lair:2   | Found a runed translucent gate.
 10167 | Lair:2   | Found a runed translucent gate.
 10167 | Lair:2   | Found a runed translucent gate.
 10503 | Lair:2   | Reached skill level 7 in Fighting
 10503 | Lair:2   | Reached skill level 7 in Dodging
 10749 | Lair:2   | Noticed ASSMAN's ghost (journeyman OpTm)
 11045 | Lair:3   | Identified a scroll of acquirement
 11045 | Lair:3   | Acquired the +1 helmet "Lyzecw" {-Cast rF+ rC+}
 11190 | Lair:3   | Found a staircase to the Swamp.
 11217 | Lair:3   | HP: 22/92 [tyrant leech (26)]
 11471 | Lair:3   | Found a hole to the Spider Nest.
 11487 | Lair:3   | Reached skill level 8 in Fighting
 11488 | Lair:3   | Reached skill level 8 in Dodging
 11919 | Lair:4   | Reached XP level 12. HP: 97/102 MP: 15/15
 11957 | Lair:4   | Noticed Urug
 11967 | Lair:4   | Killed Urug
 12007 | Lair:4   | Noticed Sonja
 12018 | Lair:4   | Killed Sonja
 12091 | Lair:4   | Reached skill level 9 in Fighting
 12137 | Lair:4   | Reached skill level 9 in Dodging
 12379 | Lair:4   | Found a staircase to the Slime Pits.
 12706 | Lair:5   | Entered Level 5 of the Lair of Beasts
 12794 | Lair:5   | Noticed a six-headed hydra
 12853 | Lair:5   | Reached skill level 10 in Fighting
 12857 | Lair:5   | Reached skill level 10 in Dodging
 12952 | Lair:5   | HP: 25/106 [spriggan rider/+0 spear (20)]
 13218 | Lair:5   | Reached XP level 13. HP: 115/115 MP: 16/16
 13251 | Lair:5   | Reached skill level 11 in Fighting
 13253 | Lair:5   | Reached skill level 11 in Dodging
 14491 | D:11     | Noticed Foxy's ghost (journeyman KoEn)
 14492 | D:11     | Found a transporter.
 14630 | D:11     | Reached skill level 12 in Fighting
 14630 | D:11     | Reached skill level 12 in Dodging
 14754 | D:11     | Noticed Lodul
 14792 | D:11     | Reached skill level 4 in Short Blades
 14811 | D:11     | Killed Lodul
 14848 | D:11     | Found a transporter.
 14878 | D:11     | Found a transporter.
 14882 | D:11     | Found a transporter.
 14884 | D:11     | Found a transporter.
 14970 | D:11     | Found a transporter.
 15078 | D:12     | Found Bokaut's Weapon Boutique.
 15455 | D:12     | Reached skill level 5 in Short Blades
 15824 | D:13     | HP: 20/119 [+4 long sword (20)]
 15828 | D:13     | Reached XP level 14. HP: 13/127 MP: 17/17
 16013 | D:13     | Found Gozag's Platinum Reserve.
 16170 | D:13     | Reached skill level 6 in Short Blades
 16210 | D:13     | Identified the +6 flail "Nylem" {venom, rC+ SInv Stlth+}
 16303 | D:13     | Found a gate to the Vaults.
 16419 | D:13     | Found a runed translucent gate.
 16419 | D:13     | Found a runed translucent gate.
 16419 | D:13     | Found a runed translucent gate.
 16424 | D:13     | Noticed sirJeffrey23's ghost (journeyman HOFi)
 16856 | Orc:1    | Entered Level 1 of the Orcish Mines
 16913 | Orc:1    | Reached skill level 13 in Fighting
 16938 | Orc:1    | Reached skill level 13 in Dodging
 17415 | Orc:2    | Entered Level 2 of the Orcish Mines
 17468 | Orc:2    | Found a staircase to the Elven Halls.
 17539 | Orc:2    | Reached skill level 1 in Shields
 17574 | Orc:2    | Found Yhur's Gadget Gallery.
 17979 | Orc:2    | Reached skill level 2 in Shields
 17989 | Orc:2    | Noticed Erolcha
 18005 | Orc:2    | Killed Erolcha
 18038 | Orc:2    | Found Peyts's Distillery.
 18081 | Orc:2    | Bought a potion of heal wounds for 70 gold pieces
 18081 | Orc:2    | Bought 2 potions of heal wounds for 140 gold pieces
 18110 | Orc:2    | Found Dofixup's Antique Weapon Emporium.
 18145 | Orc:2    | Reached skill level 3 in Shields
 18169 | Orc:2    | Found Solax's Antique Armour Shoppe.
 18195 | Orc:2    | Found Echud's Jewellery Shoppe.
 18207 | Orc:2    | Bought a ring of see invisible for 150 gold pieces
 18671 | D:14     | Reached skill level 4 in Shields
 19215 | D:15     | Entered Level 15 of the Dungeon
 19273 | D:15     | Reached skill level 5 in Shields
 19329 | D:15     | Found a staircase to the Depths.
 19861 | D:15     | Reached skill level 6 in Shields
 20406 | D:15     | Reached skill level 14 in Fighting
 20406 | D:15     | Reached skill level 14 in Dodging
 20922 | Spider:1 | Entered Level 1 of the Spider Nest
 20922 | Spider:1 | Noticed Josephine
 20931 | Lair:3   | Reached skill level 1 in Stealth
 20942 | Lair:3   | Reached XP level 15. HP: 134/138 MP: 18/18
 20976 | Lair:3   | Reached skill level 1 in Armour
 21023 | Lair:3   | HP: 16/137 [radroach (43)]
 21024 | Lair:3   | Gained mutation: You are clumsy. (Dex -2) [mutagenic glow]
 21391 | Lair:3   | Reached skill level 2 in Armour
 21455 | Lair:3   | Reached skill level 2 in Stealth
 21516 | Lair:3   | Killed Josephine
 21729 | Lair:3   | Reached skill level 3 in Armour
 22022 | Spider:1 | Reached skill level 3 in Stealth
 22101 | Spider:1 | Reached skill level 4 in Armour
 22684 | Spider:2 | Reached skill level 1 in Evocations
 22848 | Spider:2 | You fall into a shaft and drop 1 floor!
 22972 | Spider:3 | Reached skill level 2 in Evocations
 23173 | Spider:2 | Reached skill level 5 in Armour
 23647 | Spider:2 | Reached skill level 4 in Stealth
 23998 | Spider:3 | Reached skill level 3 in Evocations
 24034 | Spider:3 | Noticed Mlioglotl
 24041 | Spider:3 | Killed Mlioglotl
 24797 | Spider:4 | Entered Level 4 of the Spider Nest
 24831 | Spider:3 | Reached skill level 6 in Armour
 24831 | Spider:3 | Reached skill level 4 in Evocations
 25089 | Spider:3 | Reached skill level 5 in Stealth
 25147 | Spider:4 | Reached skill level 5 in Evocations
 25148 | Spider:4 | HP: 34/137 [wolf spider (6)]
 25158 | Spider:3 | HP: 32/137 [wolf spider (7)]
 25161 | Spider:3 | HP: 11/137 [wolf spider (26)]
 25161 | Spider:3 | HP: 4/137 [wolf spider (7)]
 25167 | Spider:3 | Reached XP level 16. HP: 39/146 MP: 19/19
 25386 | Spider:4 | Found a runed translucent door.
 25387 | Spider:4 | Noticed cforsyth's ghost (adept DsSu)
 25809 | Spider:4 | Reached skill level 6 in Evocations
 26353 | Spider:4 | Reached skill level 15 in Fighting
 26353 | Spider:4 | Reached skill level 6 in Stealth
 26636 | Spider:4 | Reached skill level 15 in Dodging
 26832 | Spider:4 | Reached skill level 7 in Evocations
 26904 | Spider:4 | Got a gossamer rune of Zot
 27180 | D:9      | Upgraded the game from 0.30-a0-718-geaa24f58ff to
                  | 0.30-a0-719-gcc4359ea44
 27298 | Vaults:1 | Entered Level 1 of the Vaults
 27730 | Vaults:1 | Reached skill level 8 in Evocations
 27730 | Abyss:2  | Cast into level 2 of the Abyss (a wizard)
 27770 | Abyss:2  | Noticed a tentacled starspawn
 27946 | Abyss:2  | Noticed an Executioner
 27954 | Abyss:2  | Killed an Executioner
 28073 | Vaults:1 | Escaped the Abyss
 28907 | Vaults:1 | Reached skill level 16 in Fighting
 28915 | Vaults:1 | Reached skill level 16 in Dodging
 28930 | Vaults:1 | Reached XP level 17. HP: 158/158 MP: 4/20
 30515 | Vaults:2 | Noticed a lich
 30522 | Vaults:1 | Killed a lich
 30980 | Vaults:2 | Found a large runed translucent door.
 30980 | Vaults:2 | Found a large runed translucent door.
 30980 | Vaults:2 | Noticed Xafer's ghost (adept DsGl)
 31008 | Vaults:2 | Reached skill level 17 in Fighting
 31101 | Vaults:2 | Reached skill level 17 in Dodging
 31212 | Vaults:1 | Annihilated by an orc warlord

Illustrated notes

Levels and vault maps discovered:
D:1:      spicycebolla_arrival_xxxplode, layout_basic
D:2:      layout_basic, basic_altar, st_stairs_7
D:3:      layout_basic, grunt_temple_overflow_open, serial_shops,
          nicolae_diamond_shop, serial_co_window_serial, co_window_paths_b,
          co_window_corner_a, co_window_cross_1, co_window_paths_a,
          co_window_paths_a, co_window_paths_a, co_window_cross_4,
          co_window_broadway_c, co_window_paths_c, co_window_of_opportunity_b,
          co_window_broadway_a, co_window_broadway_b, co_window_unsneaky_path_c,
          co_window_paths_d, glass_columns_c, glass_columns_a, glass_columns_a,
          glass_columns_a
D:4:      layout_gridville, mainiacjoe_overflow_catch_the_wave,
          kennysheep_big_empty_room
D:5:      layout_cave_pools, nzn_wu_jian_council_hall, uniq_crazy_yiuf_cottage
D:6:      layout_basic, minmay_temple_entry_statues_fountains, uniq_edmund,
          uniq_sigmund, uniq_maggie
D:7:      layout_basic, uniq_pikel
D:8:      layout_basic
D:9:      layout_roguey, erik_lair_dragon, minmay_lindwurm_lava
D:10:     layout_loops_cross, mainiacjoe_overflow_alcove_4, orc_0_dummy
D:11:     layout_rooms, gammafunk_ghost_arena, nicolae_transporter_circle,
          uniq_lodul
D:12:     minmay_curly_fans, layout_irregular_city, serial_shops,
          nicolae_shop_bloodbath_and_beyond
D:13:     layout_loops_ring, erik_vaults_1, ebering_ghost_rock_garden,
          nicolae_gozag_zags_fifth_avenue
D:14:     layout_roguey, minmay_misc_feat_diagonals, nicolae_benzene_ring
D:15:     hangedman_depths_entry_civil_slaughter, layout_layer_cave,
          minmay_strange_pillars
Lair:1:   layout_gridlike, lemuel_fruit_fields, serial_bayou_shore_a,
          grunt_megastairs_2
Lair:2:   layout_chaotic_city, ebering_ghost_rock_garden
Lair:3:   beast_lair_carwin_large_2, layout_gridlike, minmay_swamp_entry_worms,
          nicolae_spider_entry_tight_spaces, lemuel_fruit_tree
Lair:4:   layout_concentric_octagons, nicolae_slime_entry_slimehenge, uniq_urug,
          uniq_sonja
Lair:5:   minmay_lair_end_enchanted_forest, layout_hall_layers,
          grunt_megastairs_5
Spider:1: layout_spider_delve, worms_lemuel, uniq_josephine
Spider:2: layout_spider_delve, hangedman_spider_tarantella_strand
Spider:3: layout_spider_delve, nicolae_spider_cling_halls, uniq_mlioglotl
Spider:4: grunt_spider_rune_circles, special_room [special_room_bee],
          gammafunk_ghost_grave
Orc:1:    layout_caves, nicolae_orc_sculptors_studio
Orc:2:    kennysheep_orc_mage_school, layout_caves, nicolae_shop_gadgets
Vaults:1: nicolae_vaults_network_barrier, ontoclasm_vaults_decontamination,
          nicolae_vaults_big_angled_halls, v_alt_pattern_6,
          vaults_room_grunt_arrival_checkpoint, ontoclasm_vaults_eye,
          nicolae_vaults_angled_halls, hangedman_vaults_maws, vaults_mumra_hex,
          vaults_dpeg_spiral, st_lines, v_alt_pattern_4,
          vaults_dpeg_encased_lava, layout_vaults_omnibox
Vaults:2: advil_vaults_ghost_guards, st_cross, hangedman_vaults_nails,
          grunt_vaults_hallway_long, nicolae_vaults_triangles, v_misc_25,
          ontoclasm_vaults_loading_screen, vaults_standard_mumra_lines,
          minmay_crypt_entry_nasty_monster, v_misc_1, ontoclasm_vaults_ligature,
          nicolae_vaults_little_squares_4, layout_vaults_omnicross

Skill      XL: |  1  2  3  4  5  6  7  8  9 10 11 12 13 14 15 16 17 |
---------------+----------------------------------------------------+-----
Fighting       | 2 3 4 8 10 12 14 16 17 | 17.1
Dodging        | 2 3 4 8 10 12 14 16 17 | 17.0
Ranged Weapons | 4 5 |  5.1
Polearms       | 1 3 5 9 11 14 | 14.0
Short Blades   | 1 3 5 6 |  6.0
Shields        | 6 |  6.0
Stealth        | 1 5 6 |  6.0
Armour         | 6 |  6.0
Evocations     | 5 8 |  8.0

Action                     |  1- 3 |  4- 6 |  7- 9 | 10-12 | 13-15 | 16-18 || total
---------------------------+-------+-------+-------+-------+-------+-------++-------
  Melee: Trident           |       |    32 |   146 |   628 |  1661 |  1030 ||  3497
         Punch             |       |       |       |    11 |       |       ||    11
         Short sword       |       |       |       |       |     1 |       ||     1
   Fire: Shortbow          |   107 |    79 |    14 |     3 |       |       ||   203
  Throw: Dart              |       |       |       |       |    14 |     7 ||    21
  Evoke: Wand              |       |       |       |       |    10 |       ||    10
         Lightning rod     |       |       |       |       |     4 |       ||     4
         Phial of floods   |       |       |       |       |     3 |     2 ||     5
    Use: Scroll            |    11 |     2 |     9 |     8 |    13 |     3 ||    46
         Potion            |       |       |       |     2 |     8 |     1 ||    11
   Stab: Sleeping          |       |     2 |     5 |    10 |    21 |     4 ||    42
         Distracted        |       |       |     1 |     2 |    12 |    13 ||    28
         Invisible         |       |       |       |       |     8 |       ||     8
 Armour: Leather armour    |     7 |     9 |     2 |       |       |       ||    18
         Steam dragon scal |       |       |    22 |    22 |       |       ||    44
         Troll leather arm |       |       |       |    65 |   258 |   137 ||   460
  Dodge: Dodged            |    28 |    33 |    74 |   563 |  1973 |  1244 ||  3915
  Block: Buckler           |       |       |       |     1 |   935 |   702 ||  1638

Table legend: (Time is in decaauts)
 A = Elapsed time spent in this place.
 B = Non-inter-level travel time spent in this place.
 C = Inter-level travel time spent in this place.
 D = Time resting spent in this place.
 E = Time spent auto-exploring this place.
 F = Levels seen in this place.
 G = Mean time per level.
                   A        B        C        D        E       F      G
               +--------+--------+--------+--------+--------+-----+--------+
         Total |  31259 |  29333 |   1926 |   3278 |  18697 |  29 | 1077.9 |
       Dungeon |  14759 |  13762 |    997 |   1517 |   9858 |  15 |  983.9 |
          Lair |   6293 |   5894 |    399 |    725 |   3607 |   5 | 1258.6 |
   Spider Nest |   5233 |   4812 |    421 |    555 |   2403 |   4 | 1308.2 |
  Orcish Mines |   1444 |   1355 |     89 |    102 |    887 |   2 |  722.0 |
        Vaults |   3190 |   3171 |     19 |    377 |   1941 |   2 | 1595.0 |
         Abyss |    337 |    337 |      0 |      0 |      0 |   1 |  337.0 |
               +--------+--------+--------+--------+--------+-----+--------+

Top non-repeatable levels by time:
Vaults:1: 2605 daAuts
  Lair:3: 1926 daAuts
Spider:3: 1701 daAuts
Spider:4: 1585 daAuts
  Lair:5: 1486 daAuts
    D:13: 1467 daAuts
    D:15: 1452 daAuts
Spider:2: 1294 daAuts
     D:9: 1202 daAuts
     D:3: 1195 daAuts
    D:10: 1120 daAuts
  Lair:2: 1108 daAuts
     D:6: 1010 daAuts
     D:5: 990 daAuts
  Lair:1: 953 daAuts

Table legend:
 A = Kills in this place as a percentage of kills in entire the game.
 B = Kills by you in this place as a percentage of kills by you in the entire game.
 C = Kills by friends in this place as a percentage of kills by friends in the entire game.
 D = Other kills in this place as a percentage of other kills in the entire game.
 E = Experience gained in this place as a percentage of experience gained in the entire game.
 F = Experience gained in this place divided by the number of levels of this place that you have seen.
                   A       B       C       D       E      F
               +-------+-------+-------+-------+-------+----------------------
         Total | 100.0 | 100.0 |   N/A |   N/A | 100.0 | 10528.3
       Dungeon |  34.8 |  34.8 |   N/A |   N/A |  24.1 | 4911.8
          Lair |  21.8 |  21.8 |   N/A |   N/A |  18.4 | 11220.8
   Spider Nest |  21.2 |  21.2 |   N/A |   N/A |  25.5 | 19498.0
  Orcish Mines |   9.6 |   9.6 |   N/A |   N/A |   4.2 | 6360.0
        Vaults |   9.9 |   9.9 |   N/A |   N/A |  23.4 | 35745.0
         Abyss |   2.7 |   2.7 |   N/A |   N/A |   4.4 | 13337.0
               +-------+-------+-------+-------+-------+----------------------
